 Dungeon Sprint DCSS version 0.22-a0-825-ga28c36f (webtiles) character file.

5336 Kidiri the Unseen (level 10, -6/53 HPs)
             Began as a Spriggan Enchanter on July 24, 2018.
             Was the Champion of Dithmenos.
             Mangled by a spiny frog (25 damage)
             ... in the Dungeon (Sprint III: "The Ten Rune Challenge").
             The game lasted 00:09:42 (1781 turns).

Kidiri the Unseen (Spriggan Enchanter)              Turns: 1781, Time: 00:09:42

Health: -6/53      AC:  3    Str:  4    XL:     10   Next: 38%
Magic:  20/27      EV: 33    Int: 23    God:    Dithmenos [******]
Gold:   40         SH:  0    Dex: 18    Spells: 10/34 levels left

rFire    . . .     SeeInvis +   a - +1 dagger
rCold    . . .     Gourm    .   (shield restricted)
rNeg     . . .     Faith    .   b - +0 robe
rPois    .         Spirit   .   (helmet restricted)
rElec    .         Reflect  .   (no cloak)
rCorr    .         Harm     .   (gloves unavailable)
MR       +....     NoTele   +   (boots unavailable)
Stlth    ++++++++++             (no amulet)
HPRegen  0.17/turn              (no ring)
MPRegen  0.20/turn              (no ring)

@: wreathed by umbra, very quick
A: very small, unfitting armour, repulsion field 1, see invisible, clever 2,
herbivore, speed 3, shaggy fur 1, slow metabolism 2
a: Shadow Step, Shadow Form, Renounce Religion


You were in the Dungeon.
You worshipped Dithmenos.
Dithmenos was exalted by your worship.
You were not hungry.

You visited 1 branch You collected 40 gold pieces.

Inventory:

Hand Weapons
 a - a +1 dagger (weapon)
Missiles
 r - 10 throwing nets (quivered)
Armour
 b - a +0 robe (worn)
Wands
 n - a wand of paralysis (5)
Scrolls
 c - a scroll of torment
 j - 2 scrolls of blinking
 k - a scroll of amnesia
 m - a scroll of immolation {unknown}
 o - a scroll of remove curse {unknown}
Potions
 e - 2 potions of curing
 f - a potion of heal wounds
 g - 2 potions of haste
 h - a potion of magic
 i - 2 potions of berserk rage
 l - 3 potions of flight
 p - 5 potions of mutation
 q - a potion of might
Comestibles
 d - 16 rations


   Skills:
 + Level 6.1 Fighting
 * Level 11.0 Short Blades
 + Level 5.4 Armour
 * Level 14.2 Dodging
 * Level 15.4 Stealth
 * Level 12.5 Spellcasting
 + Level 9.6 Hexes
 + Level 5.8 Ice Magic


You had 10 spell levels left.
You knew the following spells:

 Your Spells              Type           Power        Failure   Level  Hunger
a - Corona                Hex            ######.      1%          1    None
b - Ensorcelled Hibernat  Hex/Ice        ######       1%          2    None
c - Slow                  Hex            ######..     1%          2    None
d - Confuse               Hex            ######..     1%          3    None
e - Tukima's Dance        Hex            ######..     1%          3    None
f - Dazzling Spray        Conj/Hex       #####.       1%          3    None
g - Magic Dart            Conj           ##..         4%          1    None
h - Apportation           Tloc           ##....       4%          1    None
i - Blink                 Tloc           N/A          7%          2    None
j - Mephitic Cloud        Conj/Pois/Air  ##......     13%         3    None
k - Conjure Flame         Conj/Fire      ##......     13%         3    None

Your spell library contained the following spells:

 Spells                   Type           Power        Failure   Level  Hunger
 Summon Small Mammal      Summ           ##..         4%          1    None
 Animate Skeleton         Necr           N/A          4%          1    None
 Call Imp                 Summ           ##......     7%          2    None
 Confusing Touch          Hex            ######       1%          1    None


Dungeon Overview and Level Annotations

Branches:
Dungeon (1/1)

Altars:
Cheibriados
Dithmenos
Elyvilon
Fedhas
Gozag
Hepliaklqana
Kikubaaqudgha
Makhleb
Nemelex Xobeh
Okawaru
Qazlal
Ru
Sif Muna
Trog
Uskayaw
Vehumet
Wu Jian
Xom
Yredelemnul
Zin
The Shining One
Beogh
Jiyva
Lugonu

Annotations:
D exclusion: 2 doors


Innate Abilities, Weirdness & Mutations

You are very small and have problems with some larger weapons.
You are too small for most types of armour.
You have supernaturally acute eyesight. (SInv)
You are a herbivore.
You cover ground extremely quickly.
You need to consume almost no food.
You are surrounded by a mild repulsion field. (EV +2)
Your mind is very acute. (Int +4)
You are covered in fur. (AC +1)


Message History

Dithmenos accepts your kill.
Your Short Blades skill increases to level 11!
Casting: Ensorcelled Hibernation (safe; 1% risk of failure)
Confirm with . or Enter, or press ? or * to list all spells.
Aiming: Ensorcelled Hibernation (safe; 1% risk of failure)
Press: ? - help, Shift-Dir - straight line, f - spiny frog
Aim: a spiny frog (black smoke, umbra, chance to defeat MR: 72%)
The spiny frog struggles to resist.
Your shadow mimicks your spell!
The spiny frog resists with some effort.
Casting: Ensorcelled Hibernation (safe; 1% risk of failure)
Confirm with . or Enter, or press ? or * to list all spells.
Aiming: Ensorcelled Hibernation (safe; 1% risk of failure)
Press: ? - help, Shift-Dir - straight line, f/p - spiny frog
Aim: a spiny frog (black smoke, umbra, chance to defeat MR: 72%)
The spiny frog struggles to resist.
Your shadow mimicks your spell!
The spiny frog resists with some effort.
The spiny frog closely misses you. The spiny frog stings you!!
You die...

..####...#...######'#
..###....#.⌠.#__#...#+###########
..##.....#...#__#...#....#)#)#)..
..#......#+###__#...##.#).#.##.##
##.#.....#.))#__#...'##.#.#.##.#)
#####....#___#__+...#...#..#..##.
▓ ▓▓▓▓▓▓▓▓▓▓▓▓▓▓▓▓▓▓▓▓▓▓▓▓▓▓▓▓▓
♣♣§§≈........≈≈≈..
+♣♣@♣≈≈≈≈≈≈≈≈≈≈≈≈♣♣P
#§F♣♣♣♣♣♣♣♣♣♣♣♣♣♣♣♣P #§§♣ ♣♣ ###+


You could see a spiny frog.

Vanquished Creatures
  Erolcha (D)
  A deep elf mage (D)
  A spiny frog (D)
  A komodo dragon (D)
  2 redbacks (D)
  A shadow (D)
  3 wandering mushrooms (D)
  A spatial vortex (D)
  A necrophage (D)
  5 two-headed ogres (D)
  A water elemental (D)
  24 killer bees (D)
  A jelly (D)
  A wizard (D)
  A necromancer (D)
  3 humans (D)
  A kobold demonologist (D)
  2 oozes (D)
  A phantom (D)
  2 rats (D)
54 creatures vanquished.

Vanquished Creatures (collateral kills)
  A queen bee (D)
  8 killer bees (D)
9 creatures vanquished.

Vanquished Creatures (others)
  2 draconian scorchers (D)
  6 hellions (D)
  2 yaktaurs (D)
  2 plants (D)
12 creatures vanquished.

Grand Total: 75 creatures vanquished

Notes
Turn   | Place    | Note
-------+----------+-------------------------------------------
     0 | D        | Kidiri the Spriggan Enchanter began the quest for the Orb.
     0 | D        | Reached XP level 1. HP: 9/9 MP: 5/5
    10 | D        | Reached skill level 5 in Stealth
    12 | D        | Reached XP level 2. HP: 14/14 MP: 7/7
    42 | D        | Learned a level 2 spell: Ensorcelled Hibernation
   103 | D        | Reached skill level 1 in Fighting
   103 | D        | Reached skill level 1 in Armour
   103 | D        | Reached XP level 3. HP: 10/18 MP: 5/9
   108 | D        | Learned a level 3 spell: Confuse
   112 | D        | Learned a level 3 spell: Tukima's Dance
   158 | D        | Killed a hellion
   162 | D        | Killed a hellion
   163 | D        | Killed a hellion
   163 | D        | Killed a hellion
   178 | D        | Killed a yaktaur
   222 | D        | Killed a white draconian scorcher
   225 | D        | Killed a hellion
   231 | D        | Killed a white draconian scorcher
   262 | D        | Killed a hellion
   312 | D        | Gained mutation: Your mind is acute. (Int +2) [potion of mutation]
   312 | D        | Gained mutation: Your mind is very acute. (Int +4) [potion of mutation]
   312 | D        | Gained mutation: You are surrounded by a mild repulsion field. (EV +2) [potion of mutation]
   312 | D        | Gained mutation: You are covered in fur. (AC +1) [potion of mutation]
   365 | D        | Noticed a water elemental
   368 | D        | Killed a water elemental
   368 | D        | Reached skill level 5 in Dodging
   368 | D        | Reached skill level 7 in Stealth
   368 | D        | Reached skill level 1 in Ice Magic
   368 | D        | Reached XP level 4. HP: 23/23 MP: 9/11
   373 | D        | Learned a level 3 spell: Dazzling Spray
   389 | D        | Noticed a shadow
   391 | D        | Killed a shadow
   391 | D        | Reached skill level 5 in Short Blades
   391 | D        | Reached skill level 8 in Stealth
   391 | D        | Reached skill level 5 in Hexes
   391 | D        | Reached XP level 5. HP: 27/27 MP: 12/15
   397 | D        | Reached skill level 9 in Stealth
   397 | D        | Reached XP level 6. HP: 27/32 MP: 10/16
   420 | D        | Killed a yaktaur
   441 | D        | Found a blossoming altar of Fedhas.
   441 | D        | Found a stormy altar of Qazlal.
   442 | D        | Found a snail-covered altar of Cheibriados.
   442 | D        | Found a burning altar of Makhleb.
   442 | D        | Found a hazy altar of Hepliaklqana.
   442 | D        | Found a shimmering altar of Xom.
   442 | D        | Found an opulent altar of Gozag.
   442 | D        | Found a sparkling altar of Nemelex Xobeh.
   442 | D        | Found a corrupted altar of Lugonu.
   442 | D        | Found a viscous altar of Jiyva.
   442 | D        | Noticed a spatial vortex
   578 | D        | Found a shadowy altar of Dithmenos.
   579 | D        | Found a basalt altar of Yredelemnul.
   579 | D        | Found a sacrificial altar of Ru.
   589 | D        | Became a worshipper of Dithmenos the Shadowed
   627 | D        | Found a radiant altar of Vehumet.
   628 | D        | Found a deep blue altar of Sif Muna.
   628 | D        | Found an ancient bone altar of Kikubaaqudgha.
   629 | D        | Reached skill level 10 in Stealth
   651 | D        | Learned a level 3 spell: Mephitic Cloud
   690 | D        | Found a glowing silver altar of Zin.
   691 | D        | Found a glowing golden altar of the Shining One.
   691 | D        | Found a white marble altar of Elyvilon.
   691 | D        | Noticed a deep elf mage
   694 | D        | Killed a deep elf mage
   694 | D        | Reached * piety under Dithmenos
   694 | D        | Reached skill level 10 in Dodging
   694 | D        | Reached skill level 11 in Stealth
   694 | D        | Reached XP level 7. HP: 37/37 MP: 15/20
   727 | D        | Learned a level 2 spell: Blink
   729 | D        | Learned a level 1 spell: Magic Dart
   731 | D        | Learned a level 1 spell: Apportation
   734 | D        | Learned a level 2 spell: Slow
   757 | D        | Found a hide-covered altar of Uskayaw.
   757 | D        | Found an iron altar of Okawaru.
   758 | D        | Found a roughly hewn altar of Beogh.
   758 | D        | Found a bloodstained altar of Trog.
   758 | D        | Found an ornate altar of the Wu Jian Council.
   758 | D        | Noticed a human
   758 | D        | Noticed a human
   760 | D        | Killed a human
   761 | D        | Killed a human
   761 | D        | Reached XP level 8. HP: 42/42 MP: 20/22
   814 | D        | Reached ** piety under Dithmenos
   814 | D        | Reached skill level 12 in Stealth
   930 | D        | Reached skill level 10 in Spellcasting
   947 | D        | Noticed a two-headed ogre
   950 | D        | Killed a two-headed ogre
   950 | D        | Reached *** piety under Dithmenos
   977 | D        | Noticed a two-headed ogre
   977 | D        | Noticed Erolcha
   979 | D        | Killed Erolcha
   979 | D        | Reached skill level 5 in Fighting
   979 | D        | Reached skill level 13 in Stealth
   979 | D        | Reached XP level 9. HP: 47/47 MP: 23/25
   980 | D        | Killed a two-headed ogre
   980 | D        | Reached skill level 5 in Ice Magic
  1000 | D        | Reached **** piety under Dithmenos
  1000 | D        | Reached skill level 14 in Stealth
  1082 | D        | Noticed a queen bee
  1093 | D        | Reached skill level 10 in Short Blades
  1095 | D        | Reached ***** piety under Dithmenos
  1116 | D        | Killed a queen bee
  1123 | D        | Learned a level 3 spell: Conjure Flame
  1150 | D        | Reached ****** piety under Dithmenos
  1314 | D        | Reached skill level 5 in Armour
  1322 | D        | Reached XP level 10. HP: 50/53 MP: 11/26
  1558 | D        | Reached skill level 15 in Stealth
  1770 | D        | Noticed a spiny frog
  1770 | D        | Noticed a spiny frog
  1779 | D        | Killed a spiny frog
  1781 | D        | Mangled by a spiny frog

Vault maps used:
D:        dungeon_sprint_mu

Skill      XL: |  1  2  3  4  5  6  7  8  9 10 |
---------------+-------------------------------+-----
Stealth        | 5 7 8 9 11 13 14 15 | 15.4
Spellcasting   | 3 4 6 9 11 12 | 12.5
Short Blades   | 2 3 5 7 8 9 10 11 | 11.0
Hexes          | 4 5 7 8 9 |  9.6
Fighting       | 1 2 3 4 5 6 |  6.1
Armour         | 1 2 3 4 5 |  5.4
Dodging        | 4 5 7 10 12 13 14 | 14.2
Ice Magic      | 1 2 3 4 5 |  5.8

Action                   |  1- 3 |  4- 6 |  7- 9 | 10-12 || total
-------------------------+-------+-------+-------+-------++-------
Melee: Dagger            |    33 |    11 |    47 |    14 ||   105
 Cast: Ensorcelled Hiber |     5 |     6 |    18 |    12 ||    41
       Corona            |     1 |       |       |       ||     1
       Confuse           |     3 |       |     3 |     7 ||    13
       Dazzling Spray    |       |       |     6 |       ||     6
       Tukima's Dance    |       |       |     1 |       ||     1
       Slow              |       |       |     3 |     1 ||     4
       Magic Dart        |       |       |     2 |       ||     2
       Mephitic Cloud    |       |       |     1 |       ||     1
Invok: Shadow Step       |       |       |     1 |     3 ||     4
  Use: Potion            |     2 |       |     1 |       ||     3
       Scroll            |     2 |       |       |       ||     2
 Stab: Sleeping          |     5 |     7 |    22 |    11 ||    45
       Distracted        |     1 |       |       |       ||     1
Dodge: Dodged            |    19 |     6 |    26 |     2 ||    53

Table legend:
 A = Spawn XP
 B = Non-spawn XP
 C = Spawn XP percentage of total XP
 D = Spawn monster count
 E = Non-spawn monster count
 F = Spawn count percentage of total count
 G = Total turns spent on level
                    A         B        C        D         E        F      G
               +---------+---------+-------+---------+---------+-------+---------
         Total |       0 |    7624 |   0.0 |       0 |      63 |   0.0 |  1781
               +---------+---------+-------+---------+---------+-------+---------
             D |       0 |    7624 |   0.0 |       0 |      63 |   0.0 |  1781
               +---------+---------+-------+---------+---------+-------+---------
